 Dungeon Crawl Stone Soup version 0.29-a0-334-gb41bcbb86e (webtiles) character file.

Game seed: 5533756397228895948

112 BritishOli the Skirmisher (level 4, 0/37 HPs)
             Began as a Demonspawn Monk on Apr 14, 2022.
             Slain by an ice beast (14 damage)
             ... on level 3 of the Dungeon.
             The game lasted 00:04:12 (2931 turns).

BritishOli the Skirmisher (Demonspawn Monk)         Turns: 2931, Time: 00:04:13

Health: 0/37       AC:  5    Str: 13    XL:     4   Next: 63%
Magic:  4/4        EV: 13    Int: 11    God:
Gold:   80         SH:  0    Dex: 16    Spells: 3/3 levels left

rFire   + . .      SeeInvis .   a - +0 falchion
rCold   . . .      Faith    .   (no shield)
rNeg    . . .      Spirit   .   b - +0 robe
rPois   .          Reflect  .   (no helmet)
rElec   .          Harm     .   (no cloak)
rCorr   .          Rampage  .   g - +0 pair of gloves
Will    .....                   (no boots)
Stlth   ++........              (no amulet)
HPRegen 0.12/turn               i - ring of protection from fire
MPRegen 0.09/turn               (no ring)

@: no status effects
A: thin metallic scales 1, powered by death 1
a: no special abilities


You were on level 3 of the Dungeon.
You visited 1 branch of the dungeon, and saw 3 of its levels.

You collected 80 gold pieces.

Inventory:

Hand Weapons
 a - a +0 falchion (weapon)
Missiles
 l - 2 silver javelins (quivered)
Armour
 b - a +0 robe (worn)
 g - a +0 pair of gloves (worn)
Jewellery
 i - a ring of protection from fire (left hand)
Scrolls
 e - a scroll of amnesia {unknown}
 h - 3 scrolls of blinking {unknown}
 m - a scroll of magic mapping {unknown}
 o - a scroll of immolation {unknown}
Potions
 c - a potion of ambrosia
 d - 2 potions of curing {unknown}
 f - a potion of flight {unknown}
 j - 2 potions of brilliance {unknown}
 k - a potion of attraction {unknown}
 n - a potion of might {unknown}


   Skills:
 + Level 3.7 Fighting
 + Level 3.3 Long Blades
 + Level 1.5 Armour
 + Level 3.3 Dodging
 - Level 2.0 Stealth


You had 3 spell levels left.
You didn't know any spells.
Your spell library contained the following spells:

 Spells                   Type           Power      Damage    Failure   Level
 Conjure Flame            Conj/Fire      0%         6-21      71%         3
 Ignite Poison            Fire/Tmut/Pois 0%         N/A       71%         3
 Sticky Flame             Conj/Fire      0%         2d3       98%         4


Dungeon Overview and Level Annotations

Branches:
Dungeon (3/15)

Altars:


Innate Abilities, Weirdness & Mutations

You are partially covered in thin metallic scales. (AC +2)
You regenerate a little health from kills.


Message History

Key pressed, stopping explore.
No target in view!
There is a stone staircase leading down here.
Key pressed, stopping explore.
No target in view!
You see here a +0 club.
Key pressed, stopping explore.
No target in view!
An ice beast comes into view.
The ice beast moves out of view.
No target in view!
No target in view!
No target in view!
An adder comes into view.
Found a ring mail.
There are monsters nearby!
You closely miss the ice beast. The ice beast closely misses you.
There are monsters nearby!
You hit the ice beast.
The ice beast is lightly wounded.
The ice beast hits you but does no damage.
You hit the ice beast.
The ice beast is lightly wounded.
The ice beast hits you. The ice beast freezes you!
You closely miss the ice beast.
The ice beast is lightly wounded.
The ice beast hits you. The ice beast freezes you! The ice beast misses you.
You are too injured to fight recklessly!
The ice beast attacks as you move away!
The ice beast hits you but does no damage.
The ice beast attacks as you move away! The ice beast misses you.
The ice beast attacks as you move away!
The ice beast hits you but does no damage.
The ice beast attacks as you move away!
The ice beast hits you but does no damage.
The ice beast attacks as you move away!
The ice beast hits you but does no damage.
The ice beast attacks as you move away! The ice beast hits you.
The ice beast freezes you!
You die...

#######...........####.......)...
##.............................##
.####..#..........####.........#
†.####............# #.........#
#..# #..#.........# #..<......##
##.# #...#.#################.....
##.###.#....#.........# ##..####
.#.#.>.##........Y....####..#####
.#.#.###..#.#...@S...............
.#.#.###.##.÷.).........######...
............#.........### #...
......................# ####
.........####.........#
.........## #.........#
.>........# ##....#####
#......##.## ###..# .....####..#
#..## #####


You could see an ice beast and an adder.

Vanquished Creatures
  4 adders
  3 worms (D:2)
  2 dart slugs (D:2)
  An orc (D:3)
  5 ball pythons
  8 bats
  4 endoplasms
  2 giant cockroaches
  6 goblins
  6 hobgoblins
  6 kobolds
  6 quokkas
  2 frilled lizards (D:2)
  4 rats
59 creatures vanquished.

Vanquished Creatures (others)
  A fungus (D:3)
  8 plants (D:3)
9 creatures vanquished.

Grand Total: 68 creatures vanquished

Notes
Turn   | Place    | Note
-------+----------+-------------------------------------------
     0 | D:1      | BritishOli the Demonspawn Monk began the quest for the Orb.
     0 | D:1      | Reached XP level 1. HP: 18/18 MP: 1/1
   458 | D:1      | Gained mutation: You are partially covered in thin metallic
                  | scales. (AC +2) [demonic ancestry]
   458 | D:1      | Reached XP level 2. HP: 24/24 MP: 2/2
  1517 | D:2      | Reached XP level 3. HP: 25/29 MP: 3/3
  1611 | D:2      | Reached skill level 1 in Armour
  1895 | D:2      | Gained mutation: You regenerate a little health from kills.
                  | [demonic ancestry]
  1895 | D:2      | Reached XP level 4. HP: 10/35 MP: 4/4
  2907 | D:3      | Noticed an ice beast
  2931 | D:3      | Slain by an ice beast

Illustrated notes

Levels and vault maps discovered:
D:1:      dpeg_arrival_oval, layout_loops_corners
D:2:      minmay_diamond_boxcup, layout_basic, minmay_tetromino_o4
D:3:      layout_rooms, shapermc_ecumenical_altar_hornbeckon

Skill      XL: |  1  2  3 |
---------------+----------+-----
Stealth        | 2 |  2.0
Dodging        | 3 |  3.3
Long Blades    | 3 |  3.3
Armour         | 1 |  1.5
Fighting       | |  3.7

Action                   |  1- 3 |  4- 6 || total
-------------------------+-------+-------++-------
Melee: Falchion          |   139 |    77 ||   216
       Punch             |     1 |     3 ||     4
 Stab: Sleeping          |     9 |     1 ||    10
Armor: Robe              |    52 |    33 ||    85
Dodge: Dodged            |   120 |    69 ||   189

Table legend: (Time is in decaauts)
 A = Elapsed time spent in this place.
 B = Non-inter-level travel time spent in this place.
 C = Inter-level travel time spent in this place.
 D = Time resting spent in this place.
 E = Time spent auto-exploring this place.
 F = Levels seen in this place.
 G = Mean time per level.
                   A        B        C        D        E       F      G
               +--------+--------+--------+--------+--------+-----+--------+
         Total |   2963 |   2916 |     47 |    429 |   1991 |   3 |  987.7 |
       Dungeon |   2963 |   2916 |     47 |    429 |   1991 |   3 |  987.7 |
               +--------+--------+--------+--------+--------+-----+--------+

Top non-repeatable levels by time:
     D:1: 1525 daAuts
     D:2: 993 daAuts
     D:3: 443 daAuts
